 Dungeon Crawl Stone Soup version 0.30.0-18-gc0e69614cb (webtiles) character file.

Game seed: 3540433148259969926

2937 IndexError the Destroyer (level 9, 0/73 (75) HPs)
             Began as a Grey Draconian Conjurer on May 25, 2023.
             Slain by a wight
             ... wielding a +0 flail
              (7 damage)
             ... on level 8 of the Dungeon.
             The game lasted 00:23:49 (7197 turns).

IndexError the Destroyer (Grey Draconian Conjurer)  Turns: 7197, Time: 00:23:49

HP:   0/73 (75)     AC: 14    Str:  9    XL:     9   Next: 51%
MP:   8/16          EV: 12    Int: 28    God:
Gold: 371           SH:  0    Dex: 11    Spells: 3/18 levels left

rFire   . . .        E - +5 rapier "Gahos" {vamp, rCorr}
rCold   . . .        (no shield)
rNeg    + . .        (body armour unavailable)
rPois   .            (helmet restricted)
rElec   .            (no cloak)
rCorr   +            p - +1 pair of gloves
SInv    +            (no boots)
Will    +....        l - amulet of magic regeneration
Stlth   +++          f - +6 ring of intelligence
HPRegen 0.32/turn    y - ring "Niramn" {rN+ Will+ SInv Stlth+}
MPRegen 0.55/turn

%: no passive effects
@: lethally poisoned (0 -> -3), lightly drained
A: AC +12, amphibious, unfitting armour, cold-blooded
a: no special abilities


You were on level 8 of the Dungeon.
You visited 2 branches of the dungeon, and saw 9 of its levels.

You collected 371 gold pieces.

Inventory:

Hand Weapons
 E - the +5 rapier "Gahos" (weapon) {vamp, rCorr}
   (You found it on level 7 of the Dungeon)

   rCorr:     It protects you from acid and corrosion.
Missiles
 x - 3 javelins
Armour
 p - a +1 pair of gloves (worn)
   (You found it on level 3 of the Dungeon)
Jewellery
 f - a +6 ring of intelligence (left hand)
   (You found it on level 3 of the Dungeon)
 l - an amulet of magic regeneration (around neck)
   (You found it on level 2 of the Dungeon)
 y - the ring "Niramn" (right hand) {rN+ Will+ SInv Stlth+}
   (You found it on level 6 of the Dungeon)

   [ring of see invisible]

   rN:        It protects you from negative energy.
   SInv:      It lets you see invisible.
   Will:      It increases your willpower.
   Stlth:     It makes you more stealthy.
 C - an amulet of regeneration {+regen, !d}
   (You found it on level 7 of the Dungeon)
Wands
 k - a wand of light (13)
   (You found it on level 2 of the Dungeon)
 u - a wand of flame (42)
   (You found it on level 5 of the Dungeon)
Scrolls
 c - a scroll of immolation {unknown}
 g - a scroll of silence {unknown}
 h - 4 scrolls of fear {unknown}
 o - 5 scrolls of identify {unknown}
 q - a scroll of blinking {unknown}
 s - a scroll of torment {unknown}
 v - a scroll of enchant armour {unknown}
 w - 2 scrolls of fog {unknown}
 A - a scroll of poison {unknown}
 B - a scroll of noise {unknown}
Potions
 a - a potion of magic
 b - a potion of mutation {unknown}
 d - a potion of resistance {unknown}
 e - 3 potions of brilliance {unknown}
 i - 3 potions of flight {unknown}
 j - a potion of might {unknown}
 m - a potion of heal wounds {unknown}
 n - 2 potions of cancellation {unknown}
 r - 2 potions of lignification {unknown}
 z - a potion of degeneration {unknown}
 D - a potion of ambrosia {unknown}


   Skills:
 + Level 5.7 Fighting
 - Level 2.2 Dodging
 - Level 1.7 Stealth
 - Level 5.0 Spellcasting
 - Level 8.0 Conjurations
 - Level 6.0 Hexes
 - Level 5.0 Translocations


You had 3 spell levels left.
You knew the following spells:

 Your Spells              Type           Power      Damage    Failure   Level
a - Magic Dart            Conj           100%       1d8       1%          1
b - Searing Ray           Conj           100%       2d8       1%          2
c - Dazzling Flash        Conj/Hex       92%        N/A       1%          3
d - Fulminant Prism       Conj/Hex       23%        3d12      3%          4
g - Apportation           Tloc           70%        N/A       1%          1
x - Iskenderun's Mystic   Conj/Tloc      43%        2d10      4%          4

Your spell library contained the following spells:

 Spells                   Type           Power      Damage    Failure   Level
 Kiss of Death            Conj/Necr      100%       2d13      1%          1
 Lesser Beckoning         Tloc           70%        N/A       1%          2
 Confusing Touch          Hex            40%        N/A       1%          3
 Portal Projectile        Hex/Tloc       74%        N/A       1%          3
 Gell's Gravitas          Tloc           35%        N/A       2%          3
 Teleport Other           Tloc           35%        N/A       2%          3
 Call Canine Familiar     Summ           7%         N/A       21%         3
 Leda's Liquefaction      Hex/Erth       11%        N/A       19%         4
 Dispel Undead            Necr           7%         3d8       54%         4
 Alistair's Intoxication  Tmut/Pois      4%         N/A       88%         5


Dungeon Overview and Level Annotations

Branches:
Dungeon (8/15)             Temple (1/1) D:4
   Lair: D:8-11

Altars:
Ashenzari
Cheibriados
Dithmenos
Elyvilon
Fedhas
Gozag
Hepliaklqana
Makhleb
Nemelex Xobeh
Okawaru
Ru
Trog
Uskayaw
Xom
Zin
The Shining One

Annotations:
D:5 3 runed translucent doors, grizmgrazm2's ghost, novice OgTm


Innate Abilities, Weirdness & Mutations

Your dull iron-grey scales are very hard. (AC +12)
You are amphibious.
You cannot fit into any form of body armour.
You are cold-blooded and may be slowed by cold attacks.


Message History

A fulminant prism comes into view.
You now have 2/16 mp.
Your fulminant prism crackles loudly.
The kobold demonologist looks satisfied for a moment.
The blast of energy engulfs the kobold demonologist!!
Casting: Fulminant Prism (dangerous; 3% risk of failure)
Confirm with . or Enter, or press ? or * to list all spells.
Aiming: Fulminant Prism (dangerous; 3% risk of failure)
Press: ? - help, Dir - move target You conjure a prism of explosive energy!
A fulminant prism comes into view.
You now have 0/16 mp.
A kobold brigand comes into view.
It is wielding a +0 short sword and quivering poisoned darts.
Your fulminant prism crackles loudly.
The kobold demonologist gestures wildly while chanting.
The black bear closely misses you.
The black bear claws you but does no damage.
The black bear closely misses you.
The blast of energy engulfs the kobold demonologist!!
The ynoxinul disappears in a puff of smoke!
The blast of energy engulfs the black bear!
You hear a shout! x4
Training target 5.0 for Translocations reached!
Your Translocations skill increases to level 5!
Health restored: 75 The black bear attacks as you move away!
The black bear closely misses you.
The black bear claws you but does no damage.
The black bear claws you.
A wight comes into view. It is wielding a +3 long sword.
The kobold brigand throws a poisoned dart.
The poisoned dart misses you.
You take 2 damage, and have 73/75 hp.
The black bear attacks as you move away!
The black bear bites you but does no damage.
The black bear claws you. The black bear barely misses you.
The kobold brigand throws a poisoned dart.
The poisoned dart hits you.
You are poisoned.
You take 3 damage, and have 70/75 hp.
A wight comes into view. It is wielding a +0 great sword.
You feel sick.
A wight comes into view. It is wielding a +0 mace.
The kobold brigand throws a poisoned dart.
The poisoned dart hits you!
You are more poisoned.
You take 1 damage, and have 69/75 hp.
You feel very sick.
You take 3 damage, and have 66/75 hp.
The black bear attacks as you move away!
The black bear barely misses you. The black bear misses you.
The black bear barely misses you.
You feel very sick. The wight completely misses you.
The kobold brigand throws a poisoned dart.
The poisoned dart hits you!
You are more poisoned.
You take 3 damage, and have 63/75 hp.
The black bear attacks as you move away!
The black bear bites you but does no damage.
The black bear claws you but does no damage.
The black bear barely misses you.
You feel very sick.
The wight hits you with a +3 long sword!
The wight hits you but does no damage.
A wight comes into view. It is wielding a +0 flail.
The kobold demonologist casts a spell.
You take 10 damage, and have 53/75 hp.
You closely miss the wight.
You feel very sick.
The wight hits you with a +3 long sword!
The wight closely misses you. The wight hits you but does no damage.
The black bear bites you.
The black bear claws you but does no damage.
The black bear barely misses you.
You take 16 damage, and have 37/75 hp.
MASSIVE DAMAGE!!
The wight attacks as you move away! The wight hits you but does no damage.
You feel very sick. The wight misses you.
The kobold demonologist gestures wildly while chanting.
You take 3 damage, and have 34/75 hp.
You feel sick.
The kobold demonologist mumbles some strange words.
You take 1 damage, and have 33/75 hp.
The wight attacks as you move away! The wight closely misses you.
You feel sick. The wight barely misses you.
The wight hits you but does no damage.
The kobold demonologist mumbles some strange words.
You take 2 damage, and have 31/75 hp.
An orc warrior comes into view.
It is wielding a +0 battleaxe of electrocution.
You feel sick. The wight hits you with a +0 flail. You partially resist.
You feel drained. The smoke demon gestures at you. Something smites you!
* * * LOW HITPOINT WARNING * * *
The orc warrior moves out of view.
You take 24 damage, and have 7/73 hp.
MASSIVE DAMAGE!!
The wight attacks as you move away! The wight misses you.
You feel sick. The wight hits you with a +0 flail!
You die...

#.........#....#.##....#
.......#####..#.##....#
##.......#.#.#.#.#.....#
≈~.##......#........#
#)....##..#...#.##<#
##......(......#....#
~...)......K...#[...#
#...).....[.>..#.#..#
.......K3.4.hzzz@...#.#
.......#....5.#z......#
..[....#...........####
##.....#............#
##########.##......#
#.........# #####.....#
#.....# #.###..


You could see a hellwing (summoned), a black bear, a kobold brigand, 4 wights
and a white imp (summoned).

Vanquished Creatures
  Maggie (D:6)
  A kobold demonologist (D:8)
  Sigmund (D:3)
  Duvessa (D:7)
  2 ice beasts
  A sky beast (D:7)
  A black bear (D:7)
  3 ogres
  A centaur (D:5)
  2 phantoms (D:4)
  2 kobold brigands (D:8)
  4 bullfrogs
  A gnoll sergeant (D:6)
  A scorpion (D:7)
  Dowan (D:7)
  An electric eel (D:8)
  A howler monkey (D:6)
  A crimson imp (D:4)
  5 hounds
  An orc priest (D:5)
  A jelly (D:6)
  A sleepcap (D:7)
  5 iguanas
  2 orc wizards
  4 adders
  6 gnolls
  3 white imps
  A worm (D:3)
  4 dart slugs
  10 orcs
  4 bats
  6 endoplasms
  3 giant cockroaches
  5 goblins
  13 hobgoblins
  4 jackals (D:3)
  7 kobolds
  3 quokkas
  2 ball pythons
  3 frilled lizards
  3 rats
122 creatures vanquished.

Vanquished Creatures (others)
  18 fulminant prisms
18 creatures vanquished.

Grand Total: 140 creatures vanquished

Notes
Turn   | Place    | Note
-------+----------+-------------------------------------------
     0 | D:1      | IndexError the Draconian Conjurer began the quest for the
                  | Orb.
     0 | D:1      | Reached XP level 1. HP: 14/14 MP: 3/3
    84 | D:1      | Reached skill level 2 in Dodging
   280 | D:1      | Reached XP level 2. HP: 19/20 MP: 0/5
  1369 | D:2      | Reached XP level 3. HP: 26/26 MP: 0/6
  1447 | D:2      | Learned a level 2 spell: Searing Ray
  1506 | D:2      | Found a broken altar of Ashenzari.
  2563 | D:3      | Reached XP level 4. HP: 33/33 MP: 5/8
  2568 | D:3      | Reached skill level 3 in Spellcasting
  2568 | D:3      | Reached skill level 5 in Conjurations
  2608 | D:3      | Noticed Sigmund
  2626 | D:3      | Killed Sigmund
  2627 | D:3      | Reached skill level 4 in Spellcasting
  2627 | D:3      | Reached XP level 5. HP: 18/38 MP: 2/11
  3323 | D:3      | Found a bloodstained altar of Trog.
  3382 | D:4      | Noticed a phantom
  3382 | D:4      | Found a broken altar of Ashenzari.
  3390 | D:4      | Killed a phantom
  3391 | D:4      | Reached skill level 6 in Conjurations
  3391 | D:4      | Reached XP level 6. HP: 45/45 MP: 5/12
  3498 | D:4      | Found a shimmering altar of Xom.
  3507 | D:4      | Found a burning altar of Makhleb.
  3785 | D:4      | Found a snail-covered altar of Cheibriados.
  4053 | D:4      | Found a staircase to the Ecumenical Temple.
  4112 | D:4      | Reached skill level 5 in Spellcasting
  4112 | D:4      | Your scales start taking on a dull iron-grey colour.
  4112 | D:4      | Reached XP level 7. HP: 15/50 MP: 10/14
  4318 | Temple   | Entered the Ecumenical Temple
  4408 | D:4      | Learned a level 3 spell: Dazzling Flash
  4413 | D:4      | Learned a level 4 spell: Fulminant Prism
  4418 | D:4      | Learned a level 4 spell: Iskenderun's Mystic Blast
  4479 | D:4      | Reached skill level 1 in Hexes
  4494 | D:4      | Found a hazy altar of Hepliaklqana.
  4579 | D:5      | Entered Level 5 of the Dungeon
  4579 | D:5      | Found a runed translucent gate.
  4818 | D:5      | Found an iron altar of Okawaru.
  4864 | D:5      | Noticed grizmgrazm2's ghost (novice OgTm)
  4873 | D:5      | Reached skill level 7 in Conjurations
  4873 | D:5      | Reached skill level 2 in Hexes
  4888 | D:5      | Found a runed translucent gate.
  4888 | D:5      | Found a runed translucent gate.
  5191 | D:5      | Found a shadowy altar of Dithmenos.
  5206 | D:5      | Reached skill level 3 in Hexes
  5414 | D:5      | Reached XP level 8. HP: 57/57 MP: 9/15
  5677 | D:5      | Reached skill level 4 in Hexes
  5859 | D:6      | Found a white marble altar of Elyvilon.
  5910 | D:6      | Reached skill level 5 in Hexes
  5914 | D:6      | Identified the ring "Niramn" {rN+ Will+ SInv Stlth+}
  6026 | D:6      | Noticed Maggie
  6039 | D:6      | Killed Maggie
  6040 | D:6      | Reached skill level 8 in Conjurations
  6040 | D:6      | Reached skill level 6 in Hexes
  6040 | D:6      | Reached skill level 1 in Fighting
  6040 | D:6      | Reached skill level 1 in Translocations
  6047 | D:6      | Reached skill level 2 in Fighting
  6226 | D:6      | Reached skill level 2 in Translocations
  6459 | D:7      | Noticed Dowan
  6463 | D:7      | Noticed Duvessa
  6467 | D:7      | Killed Duvessa
  6468 | D:7      | Reached XP level 9. HP: 68/68 MP: 9/16
  6468 | D:7      | Killed Dowan
  6469 | D:7      | Reached skill level 3 in Fighting
  6480 | D:7      | Reached skill level 3 in Translocations
  6572 | D:7      | Reached skill level 4 in Fighting
  6593 | D:7      | Learned a level 1 spell: Apportation
  6625 | D:7      | Reached skill level 4 in Translocations
  6863 | D:7      | Identified the +5 rapier "Gahos" {vamp, rCorr}
  7131 | D:8      | Found a hide-covered altar of Uskayaw.
  7162 | D:8      | Noticed a kobold demonologist
  7178 | D:8      | Reached skill level 5 in Fighting
  7178 | D:8      | Noticed a kobold demonologist
  7185 | D:8      | Killed a kobold demonologist
  7186 | D:8      | Reached skill level 5 in Translocations
  7192 | D:8      | Noticed a smoke demon
  7195 | D:8      | Noticed a hellwing
  7196 | D:8      | HP: 7/73 [smoke demon/divine providence[a kobold
                  | demonologist] (16)]
  7197 | D:8      | Slain by a wight

Illustrated notes

Levels and vault maps discovered:
D:1:      nzn_arrival_water_spiral, layout_basic, minmay_pentomino_z4
D:2:      layout_loops_ring, basic_altar, kennysheep_minor_cross
D:3:      layout_basic, trog_book, uniq_sigmund
D:4:      layout_basic, grunt_temple_overflow_champion_of_chaos,
          nicolae_hepliaklqana_hippocampus, old_standard_altar,
          cheibriados_altar_1, minmay_temple_entry_sparse_star
D:5:      layout_basic, old_standard_altar, mainiacjoe_overflow_surrounded_room,
          gammafunk_ghost_split, minmay_misc_feat_pillars
D:6:      layout_rooms, mainiacjoe_overflow_cross_hatched, serial_glass,
          glass_columns_b, glass_columns_a, uniq_maggie
D:7:      layout_cave_pools, eino_tiny_chamber, uniq_duvessa
D:8:      layout_basic, nicolae_qazlal_general_emergency,
          mainiacjoe_overflow_alcove_2, nicolae_overflow_quartered_altars,
          minivault_4, hangedman_glass_teeth, uniq_maurice, uniq_erica
Temple:   hellmonk_temple_micro_hex

Skill      XL: |  1  2  3  4  5  6  7  8  9 |
---------------+----------------------------+-----
Dodging        | 2 |  2.2
Spellcasting   | 4 5 |  5.0
Conjurations   | 5 6 7 8 |  8.0
Hexes          | 3 6 |  6.0
Fighting       | 2 5 |  5.7
Translocations | 2 5 |  5.0
Stealth        | |  1.7

Action                     |  1- 3 |  4- 6 |  7- 9 || total
---------------------------+-------+-------+-------++-------
  Melee: Dagger            |    44 |    27 |    24 ||    95
         Tailslap          |     4 |     2 |       ||     6
         Punch             |       |     1 |       ||     1
         Rapier            |       |       |     1 ||     1
   Cast: Magic Dart        |    76 |    62 |    52 ||   190
         Searing Ray       |     3 |    13 |    27 ||    43
         Fulminant Prism   |       |       |    18 ||    18
  Evoke: Wand              |       |       |     1 ||     1
   Stab: Sleeping          |       |     1 |       ||     1
 Armour: Skin              |    10 |    27 |    40 ||    77
  Dodge: Dodged            |    29 |    36 |    59 ||   124

Levels and vault maps discovered:
D:1:      nzn_arrival_water_spiral, layout_basic, minmay_pentomino_z4
D:2:      layout_loops_ring, basic_altar, kennysheep_minor_cross
D:3:      layout_basic, trog_book, uniq_sigmund
D:4:      layout_basic, grunt_temple_overflow_champion_of_chaos,
          nicolae_hepliaklqana_hippocampus, old_standard_altar,
          cheibriados_altar_1, minmay_temple_entry_sparse_star
D:5:      layout_basic, old_standard_altar, mainiacjoe_overflow_surrounded_room,
          gammafunk_ghost_split, minmay_misc_feat_pillars
D:6:      layout_rooms, mainiacjoe_overflow_cross_hatched, serial_glass,
          glass_columns_b, glass_columns_a, uniq_maggie
D:7:      layout_cave_pools, eino_tiny_chamber, uniq_duvessa
D:8:      layout_basic, nicolae_qazlal_general_emergency,
          mainiacjoe_overflow_alcove_2, nicolae_overflow_quartered_altars,
          minivault_4, hangedman_glass_teeth, uniq_maurice, uniq_erica
Temple:   hellmonk_temple_micro_hex

Table legend: (Time is in decaauts)
 A = Elapsed time spent in this place.
 B = Non-inter-level travel time spent in this place.
 C = Inter-level travel time spent in this place.
 D = Time resting spent in this place.
 E = Time spent auto-exploring this place.
 F = Levels seen in this place.
 G = Mean time per level.
                   A        B        C        D        E       F      G
               +--------+--------+--------+--------+--------+-----+--------+
         Total |   7199 |   6567 |    632 |      0 |   5688 |   9 |  799.9 |
       Dungeon |   7197 |   6565 |    632 |      0 |   5688 |   8 |  899.6 |
        Temple |      1 |      1 |      0 |      0 |      0 |   1 |    1.0 |
               +--------+--------+--------+--------+--------+-----+--------+

Top non-repeatable levels by time:
     D:1: 1323 daAuts
     D:4: 1204 daAuts
     D:5: 1160 daAuts
     D:2: 1073 daAuts
     D:3: 1054 daAuts
     D:7: 668 daAuts
     D:6: 638 daAuts
     D:8: 74 daAuts
  Temple: 1 daAuts

Table legend:
 A = Kills in this place as a percentage of kills in the entire game.
 B = Kills by you in this place as a percentage of kills by you in the entire game.
 C = Kills by friends in this place as a percentage of kills by friends in the entire game.
 D = Other kills in this place as a percentage of other kills in the entire game.
 E = Experience gained in this place as a percentage of experience gained in the entire game.
 F = Experience gained in this place divided by the number of levels of this place that you have seen.
                   A       B       C       D       E      F
               +-------+-------+-------+-------+-------+----------------------
         Total | 100.0 | 100.0 |   N/A |   N/A | 100.0 | 466.3
       Dungeon | 100.0 | 100.0 |   N/A |   N/A | 100.0 | 524.6
               +-------+-------+-------+-------+-------+----------------------
